 Dungeon Crawl Stone Soup version 0.24-a0-584-g9d6b971 (console) character file.

Game seed: 366788025849646311, levelgen mode: deterministic

216 vegansnacktivist the Insei (level 5, -8/37 HPs)
             Began as a Demonspawn Transmuter on Sept 7, 2019.
             Killed by divine providence
             ... invoked by an orc priest
              (13 damage)
             ... on level 3 of the Dungeon.
             The game lasted 00:03:30 (2798 turns).

vegansnacktivist the Insei (Demonspawn Transmuter)  Turns: 2798, Time: 00:03:30

Health: -8/37      AC:  4    Str: 11    XL:     5   Next: 61%
Magic:  0/8        EV: 12    Int: 14    God:
Gold:   109        SH:  0    Dex: 14    Spells: 2/8 levels left

rFire    . . .     SeeInvis .     - Unarmed
rCold    + . .     Gourm    .   (no shield)
rNeg     . . .     Faith    .   b - +0 robe
rPois    .         Spirit   +   (no helmet)
rElec    .         Reflect  .   (no cloak)
rCorr    .         Harm     .   (no gloves)
MR       .....                  (no boots)
Stlth    +.........             j - amulet of the acrobat
HPRegen  0.12/turn              i - ring of protection from cold
MPRegen  0.11/turn              (no ring)

@: appendage, very slightly contaminated
A: horns 2, talons 2, icy blue scales 1, magic shield
a: End Transformation


You were on level 3 of the Dungeon.
You were hungry.
You had grown temporary horns.
You visited 1 branch of the dungeon, and saw 3 of its levels.

You collected 109 gold pieces.

Inventory:

Missiles
 a - 38 arrows
 r - 7 curare-tipped darts (quivered)
Armour
 b - a +0 robe (worn)
Jewellery
 i - a ring of protection from cold (left hand)
 j - an amulet of the acrobat (around neck)
 u - a +3 ring of strength {unknown}
Scrolls
 c - 5 scrolls of identify {unknown}
 f - a scroll of amnesia {unknown}
 g - a scroll of random uselessness {unknown}
 h - a scroll of teleportation {unknown}
 k - 4 scrolls of remove curse {unknown}
 l - a scroll of blinking {unknown}
 n - 4 scrolls of immolation {unknown}
 q - a scroll of fear {unknown}
 s - a scroll of magic mapping {unknown}
Potions
 e - a potion of lignification {unknown}
 m - 2 potions of flight {unknown}
 o - 4 potions of curing {unknown}
 p - a potion of berserk rage {unknown}
 t - a potion of agility {unknown}
Comestibles
 d - 6 rations


   Skills:
 - Level 1.0 Fighting
 - Level 1.7 Dodging
 + Level 5.8 Unarmed Combat
 - Level 2.0 Spellcasting
 - Level 1.7 Transmutations


You had 2 spell levels left.
You knew the following spells:

 Your Spells              Type           Power        Failure   Level  Hunger
a - Beastly Appendage     Tmut           #.....       12%         1    ##.....
b - Sticks to Snakes      Tmut           #.......     17%         2    ###....
c - Spider Form           Tmut/Pois      #.........   45%         3    ####...

Your spell library contained the following spells:

 Spells                   Type           Power        Failure   Level  Hunger
 Ice Form                 Ice/Tmut       #.......     86%         4    #####..
 Blade Hands              Tmut           #.........   97%         5    ######.


Dungeon Overview and Level Annotations

Branches:
Dungeon (3/15)

Altars:
Sif Muna


Innate Abilities, Weirdness & Mutations

You have razor-sharp toenails.
You are partially covered in icy blue scales. (AC +2)
When hurt, damage is shared between your health and your magic reserves.
You have a pair of horns on your head.


Message History

You are very lightly contaminated with residual magic.
Waves of light ripple over your body. The orc priest hits you with a +0 club.
Casting: Spider Form (slightly dangerous; 45% risk of failure)
Confirm with . or Enter, or press ? or * to list all spells.
You don't have enough magic to cast that spell.
Unknown command.
You closely miss the orc priest. Your kick misses the orc priest.
You closely miss the orc priest. The orc priest closely misses you.
The orc priest hits you with a +0 club.
* * * LOW HITPOINT WARNING * * *
There is an escape hatch in the floor here.
You barely miss the orc priest. The orc priest hits you with a +0 club.
* * * LOW HITPOINT WARNING * * *
Casting: Spider Form (slightly dangerous; 45% risk of failure)
Confirm with . or Enter, or press ? or * to list all spells.
You grow a pair of large bovine horns.
The orc priest closely misses you.
You closely miss the orc priest.
The orc priest calls down the wrath of Beogh upon you.
Beogh smites you!
You die...

#......... #.########
#.# #.# #####.# #.....#
##.###.########
##########...##.........
......(@o.......########
.#########...##.#
##.###.# #.# #.#
########.# #.#
......)..# #..
########## ###


You could see an orc priest.

Vanquished Creatures
  An orc priest (D:3)
  2 orc wizards
  2 adders (D:2)
  An ooze (D:1)
  A worm (D:2)
  2 dart slugs
  2 leopard geckos
  3 orcs (D:3)
  A ball python (D:2)
  8 bats
  3 giant cockroaches
  8 goblins
  3 hobgoblins
  3 jackals (D:2)
  4 frilled lizards
  7 kobolds
  4 rats
55 creatures vanquished.

Vanquished Creatures (collateral kills)
  An ogre (D:2)
1 creature vanquished.

Vanquished Creatures (others)
  An orc (D:2)
1 creature vanquished.

Grand Total: 57 creatures vanquished

Notes
Turn   | Place    | Note
-------+----------+-------------------------------------------
     0 | D:1      | vegansnacktivist the Demonspawn Transmuter began the quest
                  | for the Orb.
     0 | D:1      | Reached XP level 1. HP: 15/15 MP: 3/3
   297 | D:1      | Reached skill level 3 in Unarmed Combat
   301 | D:1      | Gained mutation: When hurt, damage is shared between your
                  | health and your magic reserves. [demonic ancestry]
   301 | D:1      | Reached XP level 2. HP: 15/21 MP: 3/5
  1218 | D:2      | Gained mutation: You have sharp toenails. [demonic
                  | ancestry]
  1218 | D:2      | Reached XP level 3. HP: 23/26 MP: 4/6
  1236 | D:2      | Reached skill level 4 in Unarmed Combat
  1624 | D:2      | Noticed an ogre
  1649 | D:1      | Learned a level 2 spell: Sticks to Snakes
  1653 | D:1      | Learned a level 3 spell: Spider Form
  1749 | D:2      | Killed an ogre
  1749 | D:2      | Gained mutation: You are partially covered in icy blue
                  | scales. (AC +2) [demonic ancestry]
  1749 | D:2      | Reached XP level 4. HP: 32/32 MP: 1/7
  1825 | D:2      | Reached skill level 5 in Unarmed Combat
  2245 | D:2      | Gained mutation: You have razor-sharp toenails. [demonic
                  | ancestry]
  2245 | D:2      | Reached XP level 5. HP: 30/37 MP: 2/8
  2732 | D:3      | Found a shimmering blue altar of Sif Muna.
  2798 | D:3      | Killed from afar by an orc priest

Levels and vault maps discovered:
D:1:      dpeg_arrival_stonehenge_12_columns, layout_basic, st_stairs_1,
          chequers_serial_rivers_large_a, minmay_misc_feat_diagonals
D:2:      layout_loops_cross
D:3:      layout_loops_ring, grunt_temple_overflow_lords_of_destruction,
          lemuel_coloured_pillars_altar, fedhas_altar_3, lemuel_round_altar,
          minmay_misc_feat_nine_boxes, uniq_ijyb, uniq_natasha, uniq_sigmund

Skill      XL: |  1  2  3  4 |
---------------+-------------+-----
Unarmed Combat | 3 4 5 |  5.8
Fighting       | |  1.0
Dodging        | |  1.7
Spellcasting   | |  2.0
Transmutations | |  1.7

Action                   |  1- 3 |  4- 6 || total
-------------------------+-------+-------++-------
Melee: Unarmed           |   114 |    79 ||   193
       Punch             |     3 |       ||     3
       Kick              |    11 |     9 ||    20
       Headbutt          |     3 |     3 ||     6
 Cast: Beastly Appendage |     7 |     2 ||     9
       Sticks to Snakes  |     3 |       ||     3
       Spider Form       |       |     2 ||     2
 Stab: Sleeping          |     2 |     1 ||     3
  Eat: Chunk             |     2 |     4 ||     6
Armor: Robe              |    31 |    17 ||    48
       Skin              |       |     1 ||     1
Dodge: Dodged            |    91 |    61 ||   152

Table legend:
 A = Non-vault XP
 B = Vault XP
 C = Vault XP percentage of total XP
 D = Non-vault monster count
 E = Vault monster count
 F = Vault count percentage of total count
                 A         B        C        D         E       F
            +---------+---------+-------+---------+---------+-------
      Total |     307 |       2 |   0.6 |      54 |       2 |   3.6
            +---------+---------+-------+---------+---------+-------
        D:1 |      36 |       2 |   5.3 |      17 |       2 |  10.5
        D:2 |     175 |       0 |   0.0 |      28 |       0 |   0.0
        D:3 |      96 |       0 |   0.0 |       9 |       0 |   0.0
            +---------+---------+-------+---------+---------+-------
